Map: Data-C

Players

Jaedolph

  • Race: Terran Terran
  • League: Master
  • Spawn Location: 9:00

A.I. 1 (Very Easy) - Winner!

  • Race: Zerg Zerg
  • Spawn Location: 3:00

VOD

Have the link to the VOD?

Description

Time

  • Played on: Sept. 30, 2022, 8 p.m.
  • Length: 9:04
Show
View Real Time Build Order
Export as new Build Order

Jaedolph Terran 

Build Orders: Reaper Expand, Hellion Banshee 

Get SALT Encoding   

  12  0:00  SCV  
  13  0:12  SCV  
  14  0:18  Supply Depot  
  14  0:24  SCV  
  15  0:39  SCV  
  15  0:41  Barracks  
  16  0:45  Refinery  
  16  0:51  SCV  
  17  1:03  SCV  
  18  1:15  SCV  
  19  1:28  Reaper  
  19  1:29  Orbital Command  
  20  1:41  Command Center  
  20  1:48  Supply Depot  
  20  1:54  SCV  
  20  2:00  Marine  
  22  2:06  SCV  
  23  2:11  Factory  
  23  2:16  Refinery  
  23  2:19  SCV  
  23  2:21  Barracks Reactor  
  24  2:31  SCV  
  25  2:43  SCV  
  26  2:55  Orbital Command, SCV  
  27  2:58  Starport  
  27  3:05  Hellion x2, Barracks Tech Lab  
  31  3:07  SCV  
  32  3:15  Supply Depot  
  32  3:19  SCV  
  33  3:23  SCV  
  33  3:26  Hellion x2  
  38  3:31  SCV  
  38  3:34  Barracks Tech Lab  
  39  3:35  SCV  
  39  3:40  Cloaking Field  
  40  3:43  SCV, Banshee  
  40  3:47  SCV  
  40  3:48  Supply Depot  
  45  3:52  Hellion  
  45  3:55  Hellion  
  49  3:57  SCV  
  49  3:59  SCV  
  51  4:08  Stimpack  
  51  4:09  SCV  
  52  4:11  SCV  
  52  4:14  Supply Depot  
  53  4:21  SCV  
  54  4:25  Factory Reactor  
  54  4:27  SCV  
  54  4:29  Command Center  
  55  4:32  Banshee  
  55  4:33  SCV  
  59  4:41  Barracks  
  59  4:42  SCV, Barracks  
  60  4:47  SCV  
  60  4:48  Marine  
  62  4:54  SCV  
  62  4:56  Engineering Bay x2  
  62  4:59  Refinery, SCV  
  64  5:03  Refinery  
  64  5:06  SCV  
  65  5:11  SCV  
  66  5:18  SCV  
  67  5:23  Siege Tank  
  70  5:33  Terran Infantry Armor Level 1, Terran Infantry Weapons Level 1  
  70  5:35  Barracks  
  70  5:37  Barracks  
  70  5:40  SCV x2  
  70  5:41  Supply Depot, Orbital Command  
  72  5:45  Supply Depot  
  72  5:47  Marine x2  
  72  5:48  Marine  
  75  5:50  Combat Shield  
  75  5:53  SCV x2  
  75  5:54  Starport Reactor  
  75  5:55  Marine x2  
  79  6:04  Marine  
  79  6:05  SCV x2, Marine  
  79  6:06  Marine  
  79  6:07  Siege Tank  
  87  6:14  Orbital Command, Marine x2  
  87  6:17  SCV  
  90  6:22  Marine x2  
  90  6:23  SCV  
  90  6:24  Marine  
  94  6:26  Armory  
  94  6:27  Supply Depot  
  94  6:28  Barracks Reactor x2  
  94  6:31  Marine  
  94  6:32  SCV, Marine  
  97  6:36  SCV  
  97  6:39  Medivac  
  100  6:40  Supply Depot, Marine  
  100  6:44  Supply Depot  
  100  6:45  Supply Depot  
  101  6:48  Marine x2  
  101  6:49  Medivac, SCV x2, Marine x2  
  109  7:02  SCV x3, Marine  
  113  7:11  Supply Depot, Marine x4  
  113  7:12  Supply Depot x2, Marine x4  
  113  7:13  Widow Mine  
  113  7:14  SCV x2  
  125  7:16  SCV  
  125  7:21  Barracks  
  126  7:23  Barracks  
  126  7:26  Barracks  
  126  7:27  Marine  
  126  7:29  Marine x5  
  130  7:33  Marine  
  130  7:34  Widow Mine, Marine x2  
  137  7:40  Supply Depot  
  137  7:41  Supply Depot  
  137  7:45  Medivac, Marine  
  137  7:46  Medivac  
  137  7:47  Marine  
  143  7:51  Supply Depot  
  143  7:54  Marine  
  143  7:55  Supply Depot, Marine  
  143  7:56  Widow Mine, Marine  
  143  7:57  Marine  
  143  7:58  Marine  
  149  7:59  Marine  
  149  8:00  Marine  
  152  8:06  Supply Depot  
  152  8:08  Supply Depot  
  152  8:09  Marine x2  
  152  8:10  Marine x2  
  152  8:12  Marine  
  157  8:13  Marine  
  157  8:19  Marine x6  
  162  8:22  Siege Tank  
  162  8:23  Medivac  
  162  8:24  Medivac  
  162  8:25  Supply Depot  
  171  8:27  Marine  
  171  8:29  Marine x3  
  171  8:30  Marine  
  171  8:31  Marine  
  171  8:33  Supply Depot  
  177  8:37  Marine x5  
  177  8:38  Marine  
  183  8:45  Marine  
Show
View Real Time Build Order
Export as new Build Order

A.I. 1 (Very Easy) Zerg - Winner!

Build Orders: Hatch First 

Get SALT Encoding   

  12  0:00  Drone  
  13  0:12  Overlord  
  13  0:16  Drone  
  14  0:42  Hatchery  
  13  0:45  Drone  
  14  1:05  Spawning Pool  
  14  1:06  Extractor  
  14  1:09  Drone  
  13  1:16  Drone  
  14  1:21  Overlord  
  14  1:52  Zergling x2  
  14  1:53  Queen  
  17  1:55  Zergling x2  
  18  2:03  Roach Warren  
  18  2:06  Drone  
  18  2:09  Extractor  
  18  2:13  Drone  
  18  2:18  Zergling x2  
  19  2:24  Drone  
  19  2:31  Drone  
  20  2:38  Drone  
  20  2:42  Zergling x2  
  22  2:45  Drone  
  22  2:53  Drone  
  23  3:00  Drone  
  24  3:07  Drone  
  25  3:14  Drone  
  26  3:20  Overlord  
  26  3:24  Drone  
  27  3:30  Roach  
  27  3:32  Drone  
  30  3:39  Drone  
  31  3:46  Drone  
  32  3:50  Overlord  
  32  3:53  Drone  
  33  4:00  Lair  
  33  4:01  Drone  
  34  4:09  Drone  
  34  4:17  Drone  
  35  4:19  Roach  
  35  4:24  Drone  
  38  4:31  Drone  
  39  4:38  Drone  
  40  4:45  Drone  
  41  4:47  Overlord  
  41  4:52  Drone  
  42  4:57  Overseer  
  42  4:58  Extractor  
  42  5:00  Drone, Overseer  
  42  5:05  Extractor  
  42  5:07  Drone  
  42  5:08  Roach  
  45  5:14  Drone  
  46  5:21  Drone  
  43  5:28  Drone  
  43  5:36  Drone  
  43  5:43  Drone  
  42  5:50  Drone  
  42  5:56  Roach  
  41  5:57  Drone  
  42  6:04  Drone  
  39  6:12  Drone  
  38  6:19  Drone  
  39  6:27  Drone  
  40  6:34  Drone  
  41  6:41  Drone  
  41  6:45  Zergling x2  
  43  6:48  Drone  
  44  6:55  Drone  
  45  7:34  Roach  
  47  8:22  Roach  
Tags
 
Composition
Hellion Banshee
League
Master
Matchup
TvZ
Spawn Locations
Cross Positions
Add a new tag
Caveats
  • Supply blocks, unpowered buildings, or Contaminate may cause inaccurate times.
  • Supply counts are checked every 10 seconds.